 Dungeon Crawl Stone Soup version 0.28-a0-556-gab23d0e057 (webtiles) character file.

Game seed: 3203309907144648187

186 olmar the Insei (level 5, -2/37 HPs)
             Began as a Djinni Transmuter on Sept 28, 2021.
             Was a Follower of Okawaru.
             Slain by a phantom (9 damage)
             ... on level 4 of the Dungeon.
             The game lasted 00:08:37 (4846 turns).

olmar the Insei (Djinni Transmuter)                 Turns: 4846, Time: 00:08:37

Health: -2/37      AC:  3    Str:  9    XL:     5   Next: 98%
Gold:   119        EV: 13    Int: 15    God:    Okawaru [*.....] SH:  0 Dex: 14

rFire   + + .      SeeInvis .     - Unarmed
rCold   x . .      Faith    .   (no shield)
rNeg    . . .      Spirit   .   a - +0 robe
rPois   ∞          Reflect  .   (helmet currently unavailable)
rElec   .          Harm     .   k - +0 cloak
rCorr   .          Rampage  .   (no gloves)
Will    .....                   (boots unavailable)
Stlth   +.........              (no amulet)
HPRegen 0.12/turn               (no ring)
MPRegen 0.00/turn               (no ring)

@: appendages (expiring), wereblooded (expiring), flying
A: horns 2, flying, sickness immunity, fire resistance 2, cold vulnerability 1,
float, innate caster, hp casting, extra vitality 1
a: End Transformation, Renounce Religion, Heroism


You were on level 4 of the Dungeon.
You worshipped Okawaru.
Okawaru was aware of your devotion.
You had temporarily grown beastly horns.
You visited 2 branches of the dungeon, and saw 5 of its levels.

You collected 119 gold pieces.

Inventory:

Armour
 a - a +0 robe (worn)
 c - a +1 helmet (melded)
 d - a scarf of invisibility
 k - a +0 cloak (worn)
 s - a +0 pair of boots
Scrolls
 b - a scroll of amnesia {unknown}
 e - a scroll of identify {unknown}
 g - a scroll of torment {unknown}
 h - a scroll of magic mapping {unknown}
 i - a scroll of teleportation {unknown}
 j - a scroll of enchant armour {unknown}
 o - a scroll of brand weapon {unknown}
 p - a scroll of acquirement {unknown}
Potions
 l - a potion of curing {unknown}
 m - a potion of lignification {unknown}
 n - a potion of heal wounds {unknown}
 q - 2 potions of might
 r - a potion of haste {unknown}
 t - a potion of flight {unknown}


   Skills:
 + Level 1.4 Fighting
 + Level 3.1 Dodging
 - Level 0.2 Stealth
 + Level 4.9 Unarmed Combat
 + Level 2.4 Spellcasting
 + Level 0.1 Invocations
 - Level 0.2 Evocations


You couldn't memorise any spells.
You knew the following spells:

 Your Spells              Type           Power      Damage    Failure   Level
a - Beastly Appendage     Tmut           18%        N/A       8%          1
b - Wereblood             Tmut           9%         N/A       12%         2
c - Spider Form           Tmut/Pois      4%         N/A       24%         3
d - Ice Form              Ice/Tmut       9%         N/A       61%         4
e - Animate Skeleton      Necr           18%        N/A       8%          1
f - Call Imp              Summ           9%         N/A       12%         2
Your spell library was empty.

Dungeon Overview and Level Annotations

Branches:
Dungeon (4/15)             Temple (1/1) D:4

Altars:
Elyvilon
Gozag
Makhleb
Okawaru
Trog
Wu Jian

Shops:
D:2 *   D:3 (*

Annotations:
D:3 2 runed translucent doors, Spaninq's ghost, amateur GnVM


Innate Abilities, Weirdness & Mutations

You have temporarily grown beastly horns.
You are flying.
You are immune to sickness and miasma.
You are immune to poison.
Your flesh is very heat resistant. (rF++)
You are vulnerable to cold. (rC-)
You float through the air rather than walking.
You learn spells naturally, not from books.
Your magical power is your life essence.
You have superior vitality. (+4 HP)


Message History

You hit the phantom.
The phantom is severely damaged.
Your transformation is almost over.
The phantom hits you.
The phantom blinks!
You blink.
You miss the phantom.
The phantom is severely damaged.
The phantom hits you.
The phantom blinks!
You blink.
You are too injured to fight recklessly!
You are too injured to fight recklessly!
Unknown command.
You barely miss the phantom.
The phantom is severely damaged.
The phantom misses you.
Unknown command.
Unknown command.
You barely miss the phantom.
You headbutt the phantom, but do no damage.
The phantom is severely damaged.
The phantom misses you.
Unknown command.
You hit the phantom.
The phantom is severely damaged.
The phantom hits you.
* * * LOW HITPOINT WARNING * * *
Unknown command.
You hit the phantom. You headbutt the phantom.
The phantom is almost destroyed.
Your primal bloodlust is almost over.
The phantom hits you.
* * * LOW HITPOINT WARNING * * *
Unknown command.
Unknown command.
You hit the phantom.
The phantom is almost destroyed.
Unknown command.
Unknown command.
Unknown command.
It was a potion of magic.
Magic washes over you without effect. The phantom hits you!
You die...

#.. #.. #.. ############
#.. #..........# #.[
#..........########..
+....................
#...........######...
#..W@.......## #)....
#............# #.#...
......#########.###.##..
...... #.##≈.≈#.. ......
#.###.##.. ......
#.##≈>§#.. ....
#..##§##.. .... #..#≈.≈#
#..##.###


You could see a phantom.

Vanquished Creatures
  A hound (D:4)
  Terence (D:3)
  An orc wizard (D:4)
  A hound skeleton (D:2)
  An adder (D:3)
  2 worms (D:3)
  A dart slug (D:3)
  10 orcs
  4 ball pythons
  5 endoplasms
  4 giant cockroaches
  5 hobgoblins
  2 jackals (D:3)
  2 quokkas
  5 bats
  8 frilled lizards
  5 goblins
  8 kobolds
  5 rats
71 creatures vanquished.

Vanquished Creatures (others)
  5 plants (D:2)
5 creatures vanquished.

Grand Total: 76 creatures vanquished

Notes
Turn   | Place    | Note
-------+----------+-------------------------------------------
     0 | D:1      | olmar the Djinni Transmuter began the quest for the Orb.
     0 | D:1      | Reached XP level 1. HP: 17/17 MP: 0/0
   294 | D:1      | Reached XP level 2. HP: 22/22 MP: 0/0
   658 | D:1      | Found a faded altar of an unknown god.
   673 | D:1      | Became a worshipper of Warmaster Okawaru
   673 | D:1      | Reached * piety under Okawaru
  1582 | D:2      | Reached XP level 3. HP: 26/27 MP: 0/0
  1582 | D:2      | Learned a level 1 spell: Animate Skeleton
  1769 | D:2      | Found Bunenwoc's Assorted Antiques.
  2255 | D:3      | Found a large runed translucent door.
  2255 | D:3      | Found a large runed translucent door.
  2257 | D:3      | Noticed Spaninq's ghost (amateur GnVM)
  2330 | D:3      | Reached XP level 4. HP: 31/32 MP: 0/0
  2331 | D:3      | Reached skill level 4 in Unarmed Combat
  2554 | D:3      | Noticed Terence
  2579 | D:3      | Found Eloovesch's Weapon Boutique.
  2612 | D:4      | Reached XP level 5. HP: 22/37 MP: 0/0
  2612 | D:4      | Learned a level 2 spell: Call Imp
  2749 | D:3      | Killed Terence
  4084 | D:3      | Found Cofos's Assorted Antiques.
  4757 | D:4      | Found a staircase to the Ecumenical Temple.
  4787 | Temple   | Entered the Ecumenical Temple
  4827 | D:4      | Noticed a phantom
  4846 | D:4      | Slain by a phantom

Illustrated notes

Levels and vault maps discovered:
D:1:      dpeg_arrival_arbitrary_a, layout_loops_corners,
          hellmonk_ecumenical_altar_pennies_from_heaven,
          chequers_serial_rivers_micro_c
D:2:      layout_basic, serial_shops, nicolae_shop_overgrown_old_shop
D:3:      layout_loops_cross, ebering_ghost_disaster_area, serial_shops, shop,
          nicolae_shop_trees, chequers_serial_rivers_marsh, minmay_mini_jars,
          uniq_terence
D:4:      layout_basic, lemuel_zombie_altar_yredelemnul,
          minmay_temple_entry_metal_lava
Temple:   eino_temple_scatter_basement

Skill      XL: |  1  2  3  4  5 |
---------------+----------------+-----
Spellcasting   | 2 |  2.4
Unarmed Combat | 4 |  4.9
Dodging        | 3 |  3.1
Fighting       | |  1.4
Stealth        | |  0.2
Invocations    | |  0.1
Evocations     | |  0.2

Action                   |  1- 3 |  4- 6 || total
-------------------------+-------+-------++-------
Melee: Unarmed           |   108 |   139 ||   247
       Headbutt          |     7 |     8 ||    15
       Punch             |     1 |     2 ||     3
 Cast: Beastly Appendage |    18 |    10 ||    28
       Wereblood         |       |     1 ||     1
Invok: Heroism           |       |     2 ||     2
Evoke: Wand              |     1 |    16 ||    17
  Use: Potion            |     1 |     1 ||     2
 Stab: Sleeping          |     2 |     1 ||     3
Armor: Robe              |    29 |    12 ||    41
Dodge: Dodged            |    74 |    85 ||   159

Table legend: (Time is in decaauts)
 A = Elapsed time spent in this place.
 B = Non-inter-level travel time spent in this place.
 C = Inter-level travel time spent in this place.
 D = Time resting spent in this place.
 E = Time spent auto-exploring this place.
 F = Levels seen in this place.
 G = Mean time per level.
                   A        B        C        D        E       F      G
               +--------+--------+--------+--------+--------+-----+--------+
         Total |   4828 |   4608 |    220 |    941 |   2978 |   5 |  965.6 |
       Dungeon |   4802 |   4592 |    210 |    941 |   2967 |   4 | 1200.5 |
        Temple |     25 |     15 |     10 |      0 |     11 |   1 |   25.0 |
               +--------+--------+--------+--------+--------+-----+--------+

Top non-repeatable levels by time:
     D:3: 1824 daAuts
     D:1: 1262 daAuts
     D:2: 1162 daAuts
     D:4: 553 daAuts
  Temple: 25 daAuts
